 Dungeon Crawl Stone Soup version 0.18-a0-990-g74cdb39 (webtiles) character file.

68 M4edhros the Charlatan (level 4, -11/28 HPs)
             Began as an Octopode Artificer on Jan 4, 2016.
             Mangled by Menkaure (19 damage)
             ... on level 4 of the Dungeon.
             The game lasted 00:01:17 (1329 turns).

M4edhros the Charlatan (Octopode Artificer)         Turns: 1329, Time: 00:01:18

Health: -11/28     AC:  1    Str: 10    XL:     4   Next: 19%
Magic:  7/7        EV: 13    Int: 15    God:
Gold:   68         SH:  0    Dex: 12    Spells: 0 memorised, 3 levels left

rFire  . . .     SeeInvis .     a - +0 short sword
rCold  . . .     Gourm    .     (no shield)
rNeg   . . .     Faith    .     (helmet restricted)
rPois  .         Spirit   .     (no amulet)
rElec  .         Dismiss  .     (no ring)
rCorr  .         Reflect  .     (no ring)
SustAt .         Harm     .     (no ring)
MR     .....                    (no ring)
Stlth  +++.......               (no ring)
                                (no ring)
                                (no ring)
                                (no ring)

@: flying, not resistant to hostile enchantments, fairly stealthy
A: almost no armour, amphibious, 8 rings, constrict 8, camouflage 1, gelatinous
body 1
a: no special abilities


You were on level 4 of the Dungeon.
You were very hungry.

You visited 1 branch of the dungeon, and saw 4 of its levels.

You collected 68 gold pieces.

Inventory:

Hand Weapons
 a - a +0 short sword (weapon)
Wands
 b - a wand of flame (10/48)
 c - a wand of enslavement (15/24)
 d - a wand of random effects (15/48)
Scrolls
 j - a scroll of random uselessness {unknown}
 k - 3 scrolls of identify {unknown}
 l - a scroll of noise {unknown}
 o - a scroll of remove curse {unknown}
Potions
 g - a potion of curing
Comestibles
 f - 4 bread rations
 h - a slice of pizza
 i - 4 fruits
 m - 2 meat rations


   Skills:
 - Level 1.0 Fighting
 - Level 1.0 Short Blades
 * Level 3.0 Dodging
 * Level 3.4 Stealth
 + Level 4.0 Evocations


You had 3 spell levels left.
You didn't know any spells.

Dungeon Overview and Level Annotations

Branches:
Dungeon (4/15)
 Temple: D:4-7

Altars:

Annotations:
D:4 Menkaure


Innate Abilities, Weirdness & Mutations

You cannot wear most types of armour.
You are amphibious.
You can wear up to eight rings at the same time.
You can use your tentacles to constrict eight enemies at once.
Your skin changes colour to match your surroundings (Stealth).
Your rubbery body absorbs attacks (AC +1).


Message History

You squeeze the orc.
You kill the orc!
Evoke which item? (* to show all) (? for menu, Esc to quit)
Zapping:
b - a wand of flame (12/48)
Press: ? - help, Shift-Dir - straight line, f - Menkaure
Aim: Menkaure (fast)
The puff of flame hits Menkaure.
Menkaure is lightly damaged.
This wand has 11 charges left.
Evoke which item? (* to show all) (? for menu, Esc to quit)
Zapping:
b - a wand of flame (11/48)
Press: ? - help, Shift-Dir - straight line, f/p - Menkaure
Aim: Menkaure (lightly damaged, fast)
The puff of flame misses Menkaure.
This wand has 10 charges left.
Menkaure hits you!!
Ouch! That really hurt!
* * * LOW HITPOINT WARNING * * *
Menkaure hits you!!
Ouch! That really hurt!
You die...

#..............
#.....#..............
#.....#..............
#.....#..............
#...?.#..............
#.....##.............
#.....###!..........#
#..!..#.oM.?..####...
#....@#.####### .#
######M.# . ##..##
###..#####
#..........
##...#.....
##......####
#.......###
#..........


You could see Menkaure.

Vanquished Creatures
  Jessica (D:2)
  An adder skeleton (D:4)
  A worm (D:2)
  3 giant geckos (D:1)
  An orc (D:4)
  2 bats (D:1)
  2 giant cockroaches (D:1)
  2 goblins (D:1)
  6 hobgoblins
  A ball python (D:1)
  4 giant newts (D:1)
  5 kobolds (D:1)
  A quokka skeleton (D:3)
  5 rats
35 creatures vanquished.

Notes
Turn   | Place    | Note
--------------------------------------------------------------
     0 | D:1      | M4edhros the Octopode Artificer began the quest for the Orb.
     0 | D:1      | Reached XP level 1. HP: 13/13 MP: 3/3
   247 | D:1      | Reached XP level 2. HP: 11/18 MP: 4/4
   499 | D:1      | Reached XP level 3. HP: 23/23 MP: 5/5
   803 | D:2      | Noticed Jessica
   813 | D:2      | Killed Jessica
   813 | D:2      | Reached XP level 4. HP: 10/28 MP: 6/6
  1169 | D:3      | Reached skill level 4 in Evocations
  1308 | D:4      | Noticed Menkaure
  1329 | D:4      | Mangled by Menkaure

Vault maps used:
D:1:      saegor_arrival_simple_b
D:2:      lemuel_doored_altar, uniq_jessica, uniq_robin
D:3:      serial_undead, serial_undead_c, serial_undead_f, serial_undead_d,
          serial_undead_e, serial_undead_d, serial_undead_c, serial_undead_a,
          serial_undead_f, guppyfry_early_lair_pool
D:4:      uniq_menkaure

Action                   |  1- 3 |  4- 6 || total
-------------------------+-------+-------++-------
Melee: Short sword       |    46 |    15 ||    61
Evoke: Wand              |     2 |     3 ||     5
  Use: Potion            |       |     3 ||     3
 Stab: Sleeping          |    13 |       ||    13
       Distracted        |     1 |       ||     1
